 Dungeon Crawl Stone Soup version 0.24-a0-582-g4d4af81 (webtiles) character file.

Game seed: 14564379186662411296

517 Firecrotchwizard the Sneak (level 7, 0/32 HPs)
             Began as a Spriggan Enchanter on Aug 27, 2019.
             Was an Initiate of Dithmenos.
             Succumbed to a scorpion's poison
             ... on level 5 of the Dungeon.
             The game lasted 00:20:27 (5423 turns).

Firecrotchwizard the Sneak (Spriggan Enchanter)     Turns: 5423, Time: 00:20:27

Health: 0/32       AC:  6    Str:  4    XL:     7   Next: 0%
Magic:  8/15       EV: 18    Int: 19    God:    Dithmenos [......]
Gold:   250        SH:  0    Dex: 16    Spells: 2/15 levels left

rFire    . . .     SeeInvis +   o - +0 rapier
rCold    . . .     Gourm    .   (shield restricted)
rNeg     . . .     Faith    .   b - +0 robe
rPois    .         Spirit   .   n - +2 hat
rElec    .         Reflect  .   r - +1 cloak
rCorr    .         Harm     .   (gloves unavailable)
MR       +....                  (boots unavailable)
Stlth    ++++......             (no amulet)
HPRegen  0.10/turn              (no ring)
MPRegen  0.14/turn              (no ring)

@: lethally poisoned (0 -> -20), very slightly contaminated, very quick
A: very small, unfitting armour, see invisible, herbivore, speed 3, slow
metabolism 2
a: Renounce Religion


You were on level 5 of the Dungeon.
You worshipped Dithmenos.
Dithmenos was noncommittal.
You were not hungry.

You visited 2 branches of the dungeon, and saw 6 of its levels.

You collected 250 gold pieces.

Inventory:

Hand Weapons
 a - a +2 dagger
 o - a +0 rapier (weapon)
   (You found it on level 5 of the Dungeon)
Missiles
 m - a throwing net {=f, !d}
Armour
 b - a +0 robe (worn)
 n - a +2 hat (worn)
   (You found it on level 2 of the Dungeon)
 r - a +1 cloak (worn)
   (You found it on level 2 of the Dungeon)
Wands
 l - a wand of digging (6)
   (You found it on level 3 of the Dungeon)
Scrolls
 e - a scroll of magic mapping {!r}
 f - 2 scrolls of teleportation
 k - 3 scrolls of identify
 s - a scroll of blinking {!r}
 u - a scroll of remove curse
 v - a scroll of enchant weapon
Potions
 c - a potion of heal wounds {unknown}
 g - 2 potions of berserk rage {unknown}
 h - a potion of lignification {unknown}
 i - a potion of mutation {unknown}
 j - 6 potions of curing
 p - 3 potions of haste {unknown}
 q - a potion of degeneration {unknown}
 t - a potion of resistance {unknown}
Comestibles
 d - 9 rations


   Skills:
 - Level 0.3 Fighting
 + Level 5.3 Short Blades
 - Level 3.0 Dodging
 + Level 7.4 Stealth
 + Level 4.7 Spellcasting
 - Level 4.4 Hexes


You had 2 spell levels left.
You knew the following spells:

 Your Spells              Type           Power        Failure   Level  Hunger
a - Ensorcelled Hibernat  Hex/Ice        ##....       8%          2    #......
b - Tukima's Dance        Hex            ###.....     6%          3    ###....
c - Confuse               Hex            ###.....     6%          3    ###....
d - Blink                 Tloc           N/A          19%         2    #......
s - Slow                  Hex            ###.....     3%          2    #......
v - Corona                Hex            ###....      1%          1    None

Your spell library contained the following spells:

 Spells                   Type           Power        Failure   Level  Hunger
 Magic Dart               Conj           #...         13%         1    None
 Call Imp                 Summ           #.......     19%         2    #......
 Dazzling Spray           Conj/Hex       ##....       16%         3    ###....
 Inner Flame              Hex/Fire       ##......     16%         3    ###....
 Portal Projectile        Hex/Tloc       ##....       16%         3    ###....
 Cause Fear               Hex            ###.......   21%         4    ####...
 Conjure Flame            Conj/Fire      #.......     36%         3    ###....
 Mephitic Cloud           Conj/Pois/Air  #.......     36%         3    ###....
 Leda's Liquefaction      Hex/Erth       ##........   45%         4    ####...


Dungeon Overview and Level Annotations

Branches:
Dungeon (5/15)             Temple (1/1) D:4

Altars:
Ashenzari
Cheibriados
Dithmenos
Elyvilon
Fedhas
Gozag
Hepliaklqana
Kikubaaqudgha
Makhleb
Nemelex Xobeh
Qazlal
Ru
Sif Muna
Trog
Vehumet
Xom
Yredelemnul

Annotations:
D:3 1 runed translucent door, exclusion: Crazy Yiuf, Crazy Yiuf, Terence
D:5 exclusion: jelly, Sigmund


Innate Abilities, Weirdness & Mutations

You are very small and have problems with some larger weapons.
You are too small for most types of armour.
You have supernaturally acute eyesight. (SInv)
You are a herbivore.
You cover ground extremely quickly.
You need to consume almost no food.


Message History

You pick up a book of Debilitation and begin reading...
You add the spells Inner Flame, Portal Projectile, Cause Fear and Leda's Liquefaction to your library.
The crimson imp completely misses you.
You hit the crimson imp but do no damage.
The sky beast closely misses you. The crimson imp misses you.
You closely miss the crimson imp. The sky beast closely misses you.
The crimson imp barely misses you.
A worker ant comes into view.
A scorpion comes into view.
The crimson imp blinks!
As you read the scroll of teleportation, it crumbles to dust.
You feel strangely unstable.
The worker ant twitches its antennae in your direction.
A scorpion comes into view.
The worker ant bites you but does no damage.
The worker ant closely misses you.
Your surroundings suddenly seem different.
You see here a pair of gloves.
There is a stone staircase leading down here.
You start waiting.
Done waiting.
The crimson imp shouts!
You hit the crimson imp.
The crimson imp hits you but does no damage.
You miss the crimson imp. The crimson imp closely misses you.
You hit the crimson imp but do no damage.
The crimson imp misses you.
Aim: a crimson imp (lightly wounded, chance to defeat MR: 26%)
Okay, then.
You barely miss the crimson imp. The crimson imp misses you.
You hit the crimson imp.
The crimson imp hits you but does no damage.
You hit the crimson imp. The crimson imp misses you.
The crimson imp barely misses you.
You miss the crimson imp.
The crimson imp hits you but does no damage.
You closely miss the crimson imp. The crimson imp barely misses you.
You barely miss the crimson imp. The crimson imp hits you.
You take 1 damage, and have 31/32 hp.
You barely miss the crimson imp.
The crimson imp hits you but does no damage.
You hit the crimson imp.
The crimson imp hits you but does no damage.
You miss the crimson imp.
The crimson imp hits you but does no damage.
You hit the crimson imp.
You hit the crimson imp but do no damage.
The crimson imp barely misses you.
You hit the crimson imp.
The crimson imp hits you but does no damage.
You barely miss the crimson imp.
The crimson imp blinks!
You hit the scorpion but do no damage.
The scorpion stings you but does no damage.
You barely miss the scorpion.
The scorpion stings you but does no damage.
Health restored: 32 You barely miss the scorpion.
The scorpion stings you.
You take 5 damage, and have 27/32 hp.
Aim: a scorpion (chance to defeat MR: 43%)
The scorpion resists with some effort.
The scorpion barely misses you.
You now have 13/15 mp.
You hit the scorpion but do no damage. The scorpion stings you.
You take 4 damage, and have 23/32 hp.
Okay, then.
Unknown command.
Aim: a scorpion (chance to defeat MR: 43%)
You miscast Ensorcelled Hibernation.
You are very lightly contaminated with residual magic.
Nothing appears to happen.
You now have 11/15 mp.
Aim: a scorpion (chance to defeat MR: 43%)
The scorpion resists with some effort.
The scorpion barely misses you.
You now have 9/15 mp.
Aim: a scorpion (chance to defeat MR: 43%)
The scorpion resists with some effort.
The scorpion stings you!
You are poisoned.
The scorpion poisons you!
You take 9 damage, and have 14/32 hp.
MASSIVE DAMAGE!!
You now have 7/15 mp.
You closely miss the scorpion.
You feel sick. The scorpion stings you.
* * * LOW HITPOINT WARNING * * *
You take 6 damage, and have 8/32 hp.
You hit the scorpion.
* * * LOW HITPOINT WARNING * * *
You feel sick. The scorpion stings you.
* * * LOW HITPOINT WARNING * * *
You are more poisoned.
The scorpion poisons you!
The crimson imp blinks!
You take 4 damage, and have 4/32 hp.
You hit the scorpion.
* * * LOW HITPOINT WARNING * * *
You feel sick. The scorpion closely misses you.
You take 1 damage, and have 3/32 hp.
You hit the scorpion.
* * * LOW HITPOINT WARNING * * *
You feel sick. The scorpion closely misses you.
You take 1 damage, and have 2/32 hp.
You hit the scorpion but do no damage.
You die...

#.# #...)# ##### #.#
####)# ....# #.# #<#
5.#.# ##.# #.# #Y#.##
.##.# #.# #.#.##...##.#
#.# #.#.##...##.## #.#
#............###########
#.#
##a..........5.s@.....?.
..#
#...........############
### ##...#...####
##.##...# ####...# #####


You could see a scorpion and a crimson imp.

Vanquished Creatures
  2 scorpions
  A crimson imp (D:5)
  A hound (D:4)
  2 orc wizards (D:5)
  An orc priest (D:4)
  An iguana (D:5)
  A centaur skeleton (D:4)
  A worker ant (D:4)
  A mummy (D:4)
  8 adders
  2 oozes
  3 dart slugs
  6 leopard geckos
  4 orcs
  7 bats
  3 giant cockroaches
  5 goblins
  3 hobgoblins
  14 jackals
  7 kobolds
  A quokka (D:2)
  A ball python (D:3)
  3 frilled lizards
  A kobold zombie (D:4)
  3 orc zombies (D:4)
  8 rats
90 creatures vanquished.

Notes
Turn   | Place    | Note
-------+----------+-------------------------------------------
     0 | D:1      | Firecrotchwizard the Spriggan Enchanter began the quest for
                  | the Orb.
     0 | D:1      | Reached XP level 1. HP: 9/9 MP: 5/5
   159 | D:1      | Reached XP level 2. HP: 10/14 MP: 2/6
   621 | D:1      | Learned a level 2 spell: Ensorcelled Hibernation
   793 | D:1      | Reached skill level 2 in Short Blades
   818 | D:1      | Reached skill level 4 in Hexes
   956 | D:1      | Reached XP level 3. HP: 12/17 MP: 5/8
  1197 | D:2      | Reached skill level 5 in Stealth
  1636 | D:2      | Reached XP level 4. HP: 21/21 MP: 9/9
  1860 | D:2      | Reached skill level 3 in Short Blades
  2323 | D:3      | Found a shimmering blue altar of Sif Muna.
  2328 | D:3      | Learned a level 3 spell: Confuse
  2328 | D:3      | Found a radiant altar of Vehumet.
  2636 | D:3      | Reached skill level 3 in Spellcasting
  2636 | D:3      | Reached XP level 5. HP: 17/25 MP: 4/10
  2938 | D:3      | Noticed Terence
  2965 | D:3      | Reached skill level 6 in Stealth
  3124 | D:3      | Found a runed translucent door.
  3125 | D:3      | Noticed Crazy Yiuf
  3170 | D:3      | Found a shattered altar of Ashenzari.
  3656 | D:4      | Reached skill level 4 in Short Blades
  3669 | D:4      | Found a staircase to the Ecumenical Temple.
  3676 | Temple   | Entered the Ecumenical Temple
  3751 | Temple   | Became a worshipper of Dithmenos the Shadowed
  3903 | D:4      | You fall into a shaft and drop 1 floor!
  3903 | D:5      | Entered Level 5 of the Dungeon
  3904 | D:5      | Noticed Sigmund
  3917 | D:5      | Noticed a sky beast
  3997 | D:4      | Reached XP level 6. HP: 24/29 MP: 9/12
  4121 | D:4      | Reached skill level 4 in Spellcasting
  4134 | D:4      | Learned a level 3 spell: Tukima's Dance
  4137 | D:4      | Learned a level 2 spell: Blink
  4140 | D:4      | Learned a level 2 spell: Slow
  4770 | D:5      | Reached skill level 5 in Short Blades
  4770 | D:5      | Reached skill level 7 in Stealth
  4962 | D:5      | Found a shimmering altar of Xom.
  5059 | D:5      | Reached XP level 7. HP: 32/32 MP: 9/15
  5419 | D:5      | HP: 8/32 [scorpion (5)]
  5421 | D:5      | HP: 3/32 [poisoned by a scorpion]
  5423 | D:5      | Succumbed to a scorpion's poison

Levels and vault maps discovered:
D:1:      minmay_arrival_jagged, layout_basic, chequers_serial_rivers_micro_b
D:2:      layout_loops_ring, first_ration
D:3:      layout_basic, chequers_temple_overflow_statue_of_worship,
          evilmike_ruin_ashenzari, uniq_crazy_yiuf_cottage, uniq_terence
D:4:      layout_basic, minmay_temple_entry_gardened_gates,
          supply_closet_lemuel, minmay_mini_ossuary
D:5:      kennysheep_six_static_rooms, layout_loops_ring, basic_altar,
          uniq_sigmund
Temple:   eino_temple_scatter_basement

Skill      XL: |  1  2  3  4  5  6 |
---------------+-------------------+-----
Short Blades   | 2 3 4 5 |  5.3
Hexes          | 4 |  4.4
Stealth        | 5 6 7 |  7.4
Spellcasting   | 3 4 |  4.7
Fighting       | |  0.3
Dodging        | |  3.0

Action                   |  1- 3 |  4- 6 |  7- 9 || total
-------------------------+-------+-------+-------++-------
Melee: Dagger            |   114 |   166 |       ||   280
       Rapier            |       |   112 |    27 ||   139
 Cast: Corona            |    11 |     2 |       ||    13
       Ensorcelled Hiber |     7 |    16 |     3 ||    26
       Confuse           |       |     3 |       ||     3
  Use: Scroll            |       |    10 |     1 ||    11
 Stab: Sleeping          |    14 |    22 |       ||    36
       Confused          |       |     2 |       ||     2
  Eat: Ration            |       |     2 |       ||     2
Armor: Robe              |    14 |    44 |    10 ||    68
Dodge: Dodged            |   101 |   246 |    17 ||   364

Table legend:
 A = Non-vault XP
 B = Vault XP
 C = Vault XP percentage of total XP
 D = Non-vault monster count
 E = Vault monster count
 F = Vault count percentage of total count
                 A         B        C        D         E       F
            +---------+---------+-------+---------+---------+-------
      Total |     707 |      32 |   4.3 |      83 |       7 |   7.8
            +---------+---------+-------+---------+---------+-------
        D:1 |      43 |       0 |   0.0 |      22 |       0 |   0.0
        D:2 |      72 |       0 |   0.0 |      14 |       0 |   0.0
        D:3 |     144 |       0 |   0.0 |      28 |       0 |   0.0
        D:4 |     254 |      22 |   8.0 |      11 |       5 |  31.2
        D:5 |     194 |      10 |   4.9 |       8 |       2 |  20.0
            +---------+---------+-------+---------+---------+-------

Levels and vault maps discovered:
D:1:      minmay_arrival_jagged, layout_basic, chequers_serial_rivers_micro_b
D:2:      layout_loops_ring, first_ration
D:3:      layout_basic, chequers_temple_overflow_statue_of_worship,
          evilmike_ruin_ashenzari, uniq_crazy_yiuf_cottage, uniq_terence
D:4:      layout_basic, minmay_temple_entry_gardened_gates,
          supply_closet_lemuel, minmay_mini_ossuary
D:5:      kennysheep_six_static_rooms, layout_loops_ring, basic_altar,
          uniq_sigmund
Temple:   eino_temple_scatter_basement

Table legend:
 A = Turns spent in this place as a percentage of turns spent in the entire game.
 B = Non-inter-level travel turns spent in this place as a percentage of non-inter-level travel turns spent in the entire game.
 C = Inter-level travel turns spent in this place as a percentage of turns spent in this place.
 D = Turns resting spent in this place as a percentage of non-inter-level travel turns spent in this place.
 E = Turns spent auto-exploring this place as a percentage of non-inter-level travel turns spent in this place.
 F = Non-inter-level travel turns spent in this place divided by the number of levels of this place that you've seen.
                   A       B       C       D       E      F
               +-------+-------+-------+-------+-------+----------------------
         Total | 100.0 | 100.0 |   3.1 |  27.8 |  45.9 | 875.7
       Dungeon |  98.3 |  98.8 |   2.6 |  28.1 |  45.2 | 1038.0
        Temple |   1.7 |   1.2 |  31.2 |   0.0 |  96.9 |  64.0
               +-------+-------+-------+-------+-------+----------------------

Table legend:
 A = Kills in this place as a percentage of kills in entire the game.
 B = Kills by you in this place as a percentage of kills by you in the entire game.
 C = Kills by friends in this place as a percentage of kills by friends in the entire game.
 D = Other kills in this place as a percentage of other kills in the entire game.
 E = Experience gained in this place as a percentage of experience gained in the entire game.
 F = Experience gained in this place divided by the number of levels of this place that you have seen.
                   A       B       C       D       E      F
               +-------+-------+-------+-------+-------+----------------------
         Total | 100.0 | 100.0 |   N/A | 100.0 | 100.0 | 123.2
       Dungeon | 100.0 | 100.0 |   N/A | 100.0 | 100.0 | 147.8
               +-------+-------+-------+-------+-------+----------------------
